Celery, chaotic female human Rogue ----- #%/...| # |...| ----------- ### |)..| +.........| # -)--- |.........| # ) ##..........| ------# * ## # |.........| |)%).-# # -----.--- ------### |.........| |.?/.| # |...-+..| #############-....|# ----------- |..%.| ## |...|....############ |....|# |%.%.| -)--- |......%|### # |....|# ------ |.[..[ #...%|..>[#*#############.....|# |.@d|### |...|...| # |....-# |...f( ### |...|.).| ##-....| |...| ####....|.(..# ------ |(..| ## --------- |...| ----- Celery the Rogue Experience level: 7 Strength: 16 Dexterity: 18 Constitution: 13 Intelligence: 10 Wisdom: 13 Charisma: 7 Health: 0(49) Energy: 33(33) AC: 7 Gold: 0 Moves: 2944 Your Inventory: Amulets q - an [uncursed] square amulet [of reflection] Weapons a - an uncursed +1 short sword (weapon in hand) b - 6 uncursed +0 daggers (in quiver) Armor c - an uncursed +1 leather armor (being worn) D - an [uncursed +0] pair of walking shoes [low] E - a [cursed +0] tattered cape [cloak of magic resistance] Z - an [uncursed +0] T-shirt Comestibles i - an [uncursed] lizard corpse F - 8 [uncursed] food rations Rings v - an [uncursed] ring of invisibility Tools e - an uncursed lock pick g - an [uncursed] key [skeleton key] w - a [cursed] magic whistle z - an [uncursed] blindfold T - an [uncursed oil] lamp Gems k - 2 [uncursed] black gems [obsidian] u - an [uncursed] yellowish brown gem [amber] C - an [uncursed] red gem [worthless glass] V - an [uncursed] violet gem [worthless glass] W - an [uncursed] white gem [opal] X - a [cursed] yellow gem [worthless glass] Y - 2 [cursed] yellowish brown gems [worthless glass] Spells known in the end: Name Level Category Fail Memory a - sleep 1 enchantment 48% [||||||||] Your skills at the end: Fighting Skills Weapon Skills dagger [Basic / Expert] short sword [Basic / Expert] Spellcasting Skills Final Attributes: You were piously aligned. Hunger level was 163. Your alignment was 24 / 24. Monster difficulty range was 0 - 6. Level difficulty was 5. You were telepathic. You were stealthy. Your luck was zero. You are dead. Vanquished creatures: a ghost a small mimic a lizard a mountain nymph a rock mole a pony 2 gray oozes 3 giant ants a little dog a floating eye a homunculus 6 hill orcs a monkey a dwarf zombie a wererat 3 iguanas an acid blob 4 hobbits 2 manes a large kobold 2 giant rats a cave spider a yellow mold 4 gnomes 2 geckos 5 jackals a kobold 6 grid bugs 3 lichens 6 kobold zombies 4 newts 69 creatures vanquished. Voluntary challenges: You were an atheist. You used a wielded weapon 55 times. You read items or engraved 4 times. You put on armor 3 times. You never genocided any monsters. You never polymorphed an object. You never changed form. You used no wishes. You never wrote Elbereth's name. You encountered 1 bones level. You never used any Sokoban shortcuts. Dungeon overview: The Dungeons of Doom: levels 1 to 5 Level 1 a fountain a long staircase Level 2 a fountain Level 3 a general store, a fountain Level 4 a long staircase Level 5 <- You were here a general store History has recorded: On T:1 you entered the Dungeons of Doom to retrieve the Amulet of Yendor! On T:292 you advanced to experience level 2. On T:304 you reached level 2 of The Dungeons of Doom. On T:666 you advanced to experience level 3. On T:1019 you reached level 3 of The Dungeons of Doom. On T:1556 you advanced to experience level 4. On T:1948 you advanced to experience level 5. On T:2101 you advanced to experience level 6. On T:2237 you reached level 4 of The Dungeons of Doom. On T:2242 you reached level 5 of The Dungeons of Doom. On T:2782 you advanced to experience level 7. Latest messages: [2 turns] You drop an uncursed sack. Your movements are now unencumbered. You rise up, through the ceiling! The gnome lord picks up a sling. [HP+1=7] You see here an uncursed sack. The gnome lord picks up an iron skull cap. [HP+1=8] The gnome lord hits! [HP-7=1] You hit the gnome lord! The dagger hits the gnome lord. The gnome lord escapes upstairs! b - an uncursed +0 dagger (in quiver). You throw 2 daggers. The 1st dagger hits the wolf. The 2nd dagger hits the wolf! The wolf bites! You die... Final status: Goodbye Celery the Rogue... You died in The Dungeons of Doom on dungeon level 5 with 2804 points, and 0 pieces of gold, after 2944 moves. You were level 7 with a maximum of 49 hit points when you died.